 Dungeon Crawl Stone Soup version 0.19-a0-1457-g32fba05 (webtiles) character file.

4065 Legolas the Carver (level 10, -8/62 (64) HPs)
             Began as a High Elf Fighter on Sept 6, 2016.
             Was a Follower of Okawaru.
             Killed by divine providence
             ... invoked by an orc priest
              (15 damage)
             ... on level 9 of the Dungeon.
             The game lasted 00:12:47 (9951 turns).

Legolas the Carver (High Elf Fighter)               Turns: 9951, Time: 00:12:48

HP:   -8/62 (64)    AC: 11    Str: 16    XL:     10   Next: 5%
MP:   2/3           EV:  9    Int: 13    God:    Okawaru [*.....]
Gold: 397           SH: 18    Dex: 17    Spells: 0 memorised, 9 levels left

rFire  . . .     SeeInvis +     E - +3 demon blade (antimagic)
rCold  . . .     Gourm    .     b - +0 scale mail
rNeg   . . .     Faith    .     B - +0 large shield
rPois  +         Spirit   .     n - +0 helmet
rElec  .         Dismiss  .     H - +0 cloak {rPois}
rCorr  .         Reflect  +     (no gloves)
MR     +....     Harm     .     (no boots)
Stlth  .......... Rnd*Rage +    j - +4 amulet of reflection
                                (no ring)
                                u - ring of flight

@: about to teleport
A: rugged brown scales 1, see invisible, berserk 1, blink, frail 1, MP-powered
wands
a: Blink, Heroism, Renounce Religion, Evoke Flight


You were on level 9 of the Dungeon.
You worshipped Okawaru.
Okawaru was aware of your devotion.
You were not hungry.

You visited 2 branches of the dungeon, and saw 10 of its levels.

You collected 397 gold pieces.

Inventory:

Hand Weapons
 E - a +3 antimagic demon blade (weapon)
Armour
 b - a +0 scale mail (worn)
 c - a +0 shield
 i - a +0 cloak
 n - a +0 helmet (worn)
 B - a +0 large shield (worn)
 D - a +0 plate armour
 H - a +0 cloak of poison resistance (worn)
Jewellery
 g - an uncursed amulet of faith
 j - a +4 amulet of reflection (around neck)
 u - a ring of flight (left hand)
Wands
 d - a wand of lightning (15/15)
 F - a wand of random effects (24/48)
 G - a wand of random effects (26/48)
Scrolls
 e - 7 scrolls of remove curse
 h - 2 scrolls of identify
 p - a scroll of immolation {unknown}
 r - 2 scrolls of teleportation
 s - a scroll of enchant armour {unknown}
 v - a scroll of blinking {unknown}
 x - a scroll of vulnerability {unknown}
 y - a scroll of fog {unknown}
 A - a scroll of silence {unknown}
 J - a scroll of holy word {unknown}
 K - a scroll of noise {unknown}
Potions
 k - a potion of flight
 m - a potion of invisibility
 q - 2 potions of magic
 t - a potion of resistance
 z - 5 potions of curing
 C - a potion of brilliance
Comestibles
 a - 3 fruits
 f - 8 bread rations
 l - a slice of pizza
 o - a meat ration
 w - 3 beef jerkies


   Skills:
 + Level 6.6 Fighting
 * Level 10.8 Long Blades
 + Level 6.4 Armour
 + Level 6.0 Dodging
 * Level 5.2 Shields


You had 9 spell levels left.
You didn't know any spells.

Dungeon Overview and Level Annotations

Branches:
Dungeon (9/15)             Temple (1/1) D:7            Lair (0/6) D:8
    Orc: D:9-12

Altars:
Ashenzari
Cheibriados
Dithmenos
Elyvilon
Fedhas
Gozag
Hepliaklqana
Kikubaaqudgha
Makhleb
Nemelex Xobeh
Okawaru
Qazlal
Ru
Sif Muna
Trog
Uskayaw
Vehumet
Xom
Yredelemnul
Zin
The Shining One


Innate Abilities, Weirdness & Mutations

You are partially covered in rugged brown scales. (AC +1, +3% HP)
You have supernaturally acute eyesight. (SInv)
You tend to lose your temper in combat.
You can translocate small distances at will.
You are frail. (-10% HP)
You expend magic power (3 MP) to strengthen your wands.


Message History

You resist with significant effort.
The orc warrior hits you with a battleaxe!
You hit the orc warrior but do no damage.
The orc priest mumbles some strange prayers to Beogh against you.
Beogh smites you!
* * * LOW HITPOINT WARNING * * *
You block the orc warrior's attack.
You hear a shout! x2
You are too injured to fight recklessly!
Unknown command.
Your shield and scale mail prevent you from hitting the orc warrior.
The orc priest calls down the wrath of Beogh upon you.
Beogh smites you!
* * * LOW HITPOINT WARNING * * *
Unknown command.
As you read the scroll of teleportation, it crumbles to dust.
You feel strangely unstable. You block the orc warrior's attack.
The orc priest invokes the aid of Beogh against you.
Beogh smites you!
You die... oy.. .oo.. ... .Ho

#.### .
#.yy# .##
##### #o#
..# #....
#)###.#
#....
#@o.#.#
#..##
###.#.###
#.##...#
#.....#
#.####..
###...# #.#
#.)) ##..#
#.# #..#
#..# #.#
#..# ##[#
#.# #...
#.###.####..
#...........


You could see an orc warrior, 2 killer bees and an orc priest.

Vanquished Creatures
  Pikel (D:4)
  A wyvern (D:8)
  2 hippogriffs (D:9)
  Edmund (D:5)
  A water moccasin (D:5)
  A phantom (D:4)
  A slave (D:3)
  3 black bears
  An orc warrior (D:8)
  A necrophage (D:7)
  5 ogres
  A centaur (D:7)
  2 big kobolds
  3 giant frogs
  2 scorpions
  2 killer bees (D:9)
  A howler monkey (D:7)
  2 crimson imps
  A centaur zombie (D:6)
  A jelly (D:5)
  Crazy Yiuf (D:3)
  2 centaur skeletons
  9 orc priests
  A giant frog skeleton (D:7)
  4 hounds
  An iguana (D:4)
  7 orc wizards
  Natasha (twice) (D:4)
  Terence (D:3)
  Ijyb (D:2)
  A worker ant (D:5)
  A mummy (D:6)
  Robin (D:2)
  A howler monkey skeleton (D:7)
  8 gnolls
  4 adders
  6 shadow imps
  2 oozes
  An adder zombie (D:7)
  3 adder skeletons
  A worm (D:2)
  3 dart slugs
  6 giant geckos
  27 orcs
  A giant cockroach (D:1)
  8 hobgoblins
  4 jackals
  4 quokkas
  A ball python (D:5)
  9 bats
  6 giant newts
  14 goblins
  2 hobgoblin zombies (D:6)
  17 kobolds
  A kobold zombie (D:6)
  2 quokka skeletons (D:4)
  17 rats
213 creatures vanquished.

Vanquished Creatures (others)
  A slave (D:4)
  An ogre (D:4)
  A scorpion (D:4)
  An orc wizard (D:4)
  An orc priest (D:4)
  A worker ant (D:4)
  An orc (D:4)
  2 kobolds
9 creatures vanquished.

Grand Total: 222 creatures vanquished

Notes
Turn   | Place    | Note
-------+----------+-------------------------------------------
     0 | D:1      | Legolas the High Elf Fighter began the quest for the Orb.
     0 | D:1      | Reached XP level 1. HP: 16/16 MP: 2/2
   296 | D:1      | Reached XP level 2. HP: 20/21 MP: 3/3
   686 | D:2      | Noticed Robin
   696 | D:2      | Reached XP level 3. HP: 25/26 MP: 4/4
   707 | D:2      | Reached skill level 3 in Long Blades
   725 | D:2      | Killed Robin
  1084 | D:2      | Noticed Ijyb
  1097 | D:2      | Killed Ijyb
  1097 | D:2      | Reached XP level 4. HP: 25/31 MP: 5/5
  1146 | D:2      | Found an opulent altar of Gozag.
  1391 | D:2      | Reached skill level 4 in Long Blades
  1696 | D:3      | Found a glowing silver altar of Zin.
  1726 | D:3      | You fall through a shaft for 2 floors!
  1726 | D:5      | Entered Level 5 of the Dungeon
  1726 | D:5      | Noticed Edmund
  1741 | D:5      | Killed Edmund
  1741 | D:5      | Reached skill level 5 in Long Blades
  1741 | D:5      | Reached skill level 1 in Dodging
  1741 | D:5      | Reached XP level 5. HP: 13/37 MP: 6/6
  1748 | D:5      | Reached XP level 6. HP: 15/43 MP: 7/7
  2204 | D:3      | Noticed Terence
  2227 | D:3      | Killed Terence
  2470 | D:3      | Gained mutation: You have supernaturally acute eyesight. (SInv) [potion of mutation]
  2470 | D:3      | Gained mutation: You are frail. (-10% HP) [potion of mutation]
  2470 | D:3      | Gained mutation: You tend to lose your temper in combat. [potion of mutation]
  2481 | D:3      | Gained mutation: You can translocate small distances at will. [potion of mutation]
  2481 | D:3      | Gained mutation: You expend magic power (3 MP) to strengthen your wands. [potion of mutation]
  2481 | D:3      | Gained mutation: You are partially covered in rugged brown scales. (AC +1, +3% HP) [potion of mutation]
  2875 | D:3      | Reached skill level 6 in Long Blades
  3123 | D:3      | Found a runed door.
  3255 | D:3      | Noticed Crazy Yiuf
  3264 | D:3      | Killed Crazy Yiuf
  3612 | D:3      | Reached XP level 7. HP: 20/45 MP: 8/8
  4329 | D:4      | Noticed a moth of wrath
  4329 | D:4      | Noticed Natasha
  4342 | D:4      | Killed Natasha
  4354 | D:4      | Found a bloodstained altar of Trog.
  4460 | D:4      | Reached skill level 7 in Long Blades
  4710 | D:4      | Noticed Pikel
  4998 | D:4      | Killed Pikel
  4998 | D:4      | Reached skill level 5 in Fighting
  4998 | D:4      | Reached skill level 5 in Armour
  4998 | D:4      | Reached XP level 8. HP: 21/51 MP: 9/9
  5255 | D:4      | Noticed Natasha
  5272 | D:4      | Killed Natasha
  5272 | D:4      | Reached skill level 8 in Long Blades
  5587 | D:5      | Found a bloodstained altar of Trog.
  7062 | D:6      | Found a deep blue altar of Sif Muna.
  7367 | D:6      | Reached skill level 9 in Long Blades
  7732 | D:7      | Reached skill level 5 in Dodging
  7811 | D:7      | Reached XP level 9. HP: 57/57 MP: 10/10
  7970 | D:7      | Found a staircase to the Ecumenical Temple.
  7989 | Temple   | Entered the Ecumenical Temple
  8159 | Temple   | Became a worshipper of Warmaster Okawaru
  8384 | D:7      | Found a glowing golden altar of the Shining One.
  8397 | D:7      | Found a basalt altar of Yredelemnul.
  8399 | D:7      | Noticed a profane servitor
  8625 | D:7      | Found an ancient bone altar of Kikubaaqudgha.
  8658 | D:7      | Reached skill level 10 in Long Blades
  8736 | D:7      | Noticed an angel
  8959 | D:8      | Found a staircase to the Lair.
  9000 | D:8      | Found a blossoming altar of Fedhas.
  9269 | D:8      | Found a hide-covered altar of Uskayaw.
  9307 | D:8      | Found a sparkling altar of Nemelex Xobeh.
  9310 | D:8      | Found an opulent altar of Gozag.
  9326 | D:8      | Found a radiant altar of Vehumet.
  9329 | D:8      | Found a stormy altar of Qazlal.
  9597 | D:8      | Reached * piety under Okawaru
  9756 | D:9      | Reached skill level 5 in Shields
  9932 | D:9      | Reached XP level 10. HP: 49/62 MP: 3/11
  9951 | D:9      | Killed from afar by an orc priest

Vault maps used:
D:1:      denvon_arrival_planthouse, minmay_pentomino_t4
D:2:      grunt_gozag_statues, uniq_iyjb, uniq_robin
D:3:      zin_scriptorium, first_bread, uniq_crazy_yiuf_cottage, uniq_terence
D:4:      tgw_trog, uniq_natasha, uniq_pikel
D:5:      trog_three_pillars_becter, uniq_edmund
D:6:      nicolae_overflow_crystal_walls, minmay_mini_ossuary
D:7:      grunt_temple_overflow_holy_war, lemuel_coloured_pillars_altar
D:8:      eat_drink_and_be_merry_uskayaw, lemuel_doored_altar,
          grunt_temple_overflow_cloverleaf
Temple:   compressed_dpeg_triangle_lava_temple

Skill      XL: |  1  2  3  4  5  6  7  8  9 |
---------------+----------------------------+-----
Armour         | 3 4 5 6 |  6.4
Long Blades    | 3 5 6 7 9 10 | 10.8
Dodging        | 1 3 4 5 6 |  6.0
Fighting       | 4 5 6 |  6.6
Shields        | 5 |  5.2

Action                   |  1- 3 |  4- 6 |  7- 9 | 10-12 || total
-------------------------+-------+-------+-------+-------++-------
Melee: Long sword        |   125 |   305 |   471 |       ||   901
       Demon blade       |       |       |   137 |    17 ||   154
       Falchion          |       |       |    27 |       ||    27
Invok: Heroism           |       |       |       |     1 ||     1
  Use: Scroll            |       |     2 |     8 |     1 ||    11
       Potion            |       |     5 |     2 |       ||     7
  Eat: Chunk             |       |     5 |     8 |       ||    13
       Royal jelly       |       |     1 |       |       ||     1
       Meat ration       |       |     1 |     2 |       ||     3
       Beef jerky        |       |     1 |       |       ||     1
       Pizza             |       |       |     1 |       ||     1
Armor: Scale mail        |    47 |   107 |   206 |     1 ||   361
       Skin              |       |       |     6 |       ||     6
Dodge: Dodged            |    29 |   100 |   171 |     6 ||   306
Block: Shield            |    53 |   144 |    81 |       ||   278
       Other             |       |       |    19 |       ||    19
       Large shield      |       |       |   190 |    15 ||   205
       Reflection        |       |       |    12 |       ||    12
